 Dungeon Crawl Stone Soup version 0.30-a0-777-ga9a30cbeda (webtiles) character file.

Game seed: 12344844426147716818

3884 retardedninja the Basher (level 10, -1/51 HPs)
             Began as a Gargoyle Fighter on Feb 14, 2023.
             Was an Initiate of Gozag.
             Slain by a yellow draconian
             ... wielding a +0 war axe
              (4 damage)
             ... on level 3 of the Abyss.
             The game lasted 00:11:00 (8494 turns).

retardedninja the Basher (Gargoyle Fighter)         Turns: 8494, Time: 00:11:01

Health: -1/51      AC: 25    Str: 20      XL:     10   Next: 19%
Magic:  10/10      EV:  7    Int:  6 (9)  God:    Gozag
Gold:   304        SH:  4    Dex:  4 (5)  Spells: 9/9 levels left

rFire   x . .      SeeInvis .    a - +0 flail
rCold   x . .      Faith    .    c - +0 buckler
rNeg    + . .      Spirit   .    F - +0 chain mail
rPois   ∞          Reflect  .    o - +1 helmet
rElec   +          Harm     .    (no cloak)
rCorr   .          Rampage  .    f - +2 pair of gloves
Will    .....                    E - +0 pair of boots Stlth
                                 (no amulet)
HPRegen 0.28/turn                j - ring of protection from fire
MPRegen 0.12/turn                t - ring of protection from cold

@: unable to drink
A: sickness immunity, AC +7, negative energy resistance 1, electricity
resistance, torment resistance 1, petrification resistance, [clumsy 2],
[deterioration 2], [frail 2], [weak 2], [cold vulnerability 2], [heat
vulnerability 2], [inability to drink after injury 2]
a: Renounce Religion, Potion Petition, Call Merchant, Bribe Branch


You were on level 3 of the Abyss.
You worshipped Gozag.
Gozag was aware of your devotion.
You visited 2 branches of the dungeon, and saw 9 of its levels.
You visited the Abyss 1 time.

You collected 408 gold pieces.
You paid 104 gold pieces to Gozag.

Inventory:

Hand Weapons
 a - a +0 flail (weapon)
 D - a +0 giant club
Armour
 c - a +0 buckler (worn)
 f - a +2 pair of gloves (worn)
 o - a +1 helmet (worn)
 E - a +0 pair of boots (worn)
 F - a +0 chain mail (worn)
Jewellery
 j - a ring of protection from fire (left hand)
 p - a +6 ring of intelligence
 t - a ring of protection from cold (right hand)
Wands
 w - a wand of roots (10)
Scrolls
 b - a scroll of torment {unknown}
 e - 2 scrolls of fog {unknown}
 h - a scroll of enchant armour
 n - a scroll of brand weapon {unknown}
 q - a scroll of teleportation
 r - a scroll of butterflies {unknown}
 u - 2 scrolls of vulnerability {unknown}
 v - 2 scrolls of amnesia {unknown}
 x - a scroll of silence {unknown}
 y - 3 scrolls of identify
 A - 2 scrolls of enchant weapon {unknown}
 B - 2 scrolls of poison {unknown}
Potions
 g - 4 potions of curing
 k - 3 potions of attraction
 m - a potion of lignification


   Skills:
 + Level 7.8 Fighting
 * Level 9.3 Maces & Flails
 + Level 7.8 Armour
 + Level 7.8 Shields


You had 9 spell levels left.
You didn't know any spells.
Your spell library contained the following spells:

 Spells                   Type           Power      Damage    Failure   Level
 Gell's Gravitas          Tloc           0%         N/A       100%        3
 Ozocubu's Armour         Ice            0%         N/A       100%        3
 Teleport Other           Tloc           0%         N/A       100%        3
 Tukima's Dance           Hex            0%         N/A       100%        3
 Passage of Golubria      Tloc           0%         N/A       100%        4
 Yara's Violent Unravell  Hex/Tmut       0%         3d3       100%        5
 Dispersal                Tloc           0%         N/A       100%        6
 Ozocubu's Refrigeration  Ice            0%         4d7       100%        7


Dungeon Overview and Level Annotations

Branches:
Dungeon (8/15)             Temple (1/1) D:7
   Lair: D:8-11

Altars:
Ashenzari
Cheibriados
Dithmenos
Elyvilon
Fedhas
Gozag
Hepliaklqana
Makhleb
Nemelex Xobeh
Okawaru
Qazlal
Ru
Sif Muna
Trog
Uskayaw
Vehumet
Wu Jian
Xom
Yredelemnul
Zin
The Shining One

Shops:
D:3 ?

Annotations:
D:8 Psyche


Innate Abilities, Weirdness & Mutations

You are immune to sickness and miasma.
Your stone body is resilient. (AC +7)
You are immune to poison.
You resist negative energy. (rN+)
You are resistant to electric shocks. (rElec)
You are resistant to unholy torment.
You are immune to petrification.
[You are very clumsy. (Dex -4)]
[Your body often deteriorates upon taking damage.]
[You are very frail. (-20% HP)]
[You are very weak. (Str -4)]
[You are very vulnerable to cold. (rC--)]
[You are very vulnerable to heat. (rF--)]
[You sometimes lose the ability to drink potions when taking damage.]


Message History

Unknown command.
You hit the yellow draconian.
The yellow draconian is lightly wounded.
The yellow draconian closely misses you.
You hit the yellow draconian.
The yellow draconian is lightly wounded.
You hit the yellow draconian.
The yellow draconian is moderately wounded.
The yellow draconian hits you but does no damage.
You sock the yellow draconian!
The yellow draconian is moderately wounded.
The yellow draconian barely misses you. The ufetubus completely misses you.
The ufetubus hits you.
* * * LOW HITPOINT WARNING * * *
You closely miss the yellow draconian.
The yellow draconian is moderately wounded.
The ufetubus hits you but does no damage. x2
The yellow draconian barely misses you.
You hit the yellow draconian.
The yellow draconian is moderately wounded.
The ufetubus closely misses you. The ufetubus barely misses you.
The yellow draconian hits you with a +0 war axe.
* * * LOW HITPOINT WARNING * * *
Your body deteriorates!
You feel clumsy. The ufetubus completely misses you.
The ufetubus hits you but does no damage.
You completely miss the yellow draconian.
The yellow draconian is moderately wounded.
The ufetubus closely misses you.
The ufetubus hits you but does no damage.
The yellow draconian hits you but does no damage.
You cannot drink potions in your current state!
You sock the yellow draconian!
The yellow draconian is moderately wounded.
The ufetubus hits you but does no damage.
The ufetubus hits you.
* * * LOW HITPOINT WARNING * * *
The yellow draconian hits you with a +0 war axe.
You die...
Your body crumbles into a pile of gold.

... #.# .. ...#
. .. ... .. .
#.. ... . .#..
.... ... #..
.....
..#..##d#...#
.......@5..#
...............
....##..###....
... ...# .#. #
...#. ..#. .
...#. . ..##.#
..


You could see a yellow draconian and an ufetubus.

Vanquished Creatures
  Pikel (D:4)
  A kobold demonologist (D:7)
  An efreet (Abyss:1)
  Grinder (D:5)
  A steam dragon (D:6)
  A sky beast (D:7)
  2 ice beasts
  2 black bears (D:7)
  An orc warrior (D:6)
  4 ogres
  4 centaurs
  A phantom (D:6)
  A necrophage (D:6)
  A gnoll sergeant (D:7)
  2 bullfrogs
  A scorpion (D:4)
  4 wights (D:7)
  A quasit (Abyss:1)
  5 hounds
  An iron imp (Abyss:1)
  4 jellies
  3 gnoll boudas
  An iguana (D:5)
  An orc wizard (D:6)
  17 gnolls
  9 adders
  A shadow imp (D:6)
  2 white imps (D:6)
  6 ufetubi
  4 worms
  2 dart slugs
  6 orcs
  9 ball pythons
  3 endoplasms
  2 giant cockroaches
  A goblin (D:4)
  4 hobgoblins
  6 kobolds
  10 quokkas
  5 bats
  6 frilled lizards
  3 rats (D:2)
141 creatures vanquished.

Vanquished Creatures (others)
  A lurking horror (Abyss:1)
1 creature vanquished.

Grand Total: 142 creatures vanquished

Notes
Turn   | Place    | Note
-------+----------+-------------------------------------------
     0 | D:1      | retardedninja the Gargoyle Fighter began the quest for the
                  | Orb.
     0 | D:1      | Reached XP level 1. HP: 14/14 MP: 1/1
   315 | D:1      | Reached XP level 2. HP: 19/19 MP: 2/2
  1494 | D:2      | Reached XP level 3. HP: 18/23 MP: 3/3
  1875 | D:2      | Reached skill level 3 in Maces & Flails
  1966 | D:2      | Reached XP level 4. HP: 25/29 MP: 4/4
  2046 | D:3      | Found Biod's Magic Scroll Emporium.
  2496 | D:3      | Noticed a centaur
  2505 | D:3      | Killed a centaur
  2506 | D:3      | Reached XP level 5. HP: 24/33 MP: 5/5
  3029 | D:4      | Noticed a centaur
  3039 | D:4      | Killed a centaur
  3040 | D:4      | Reached skill level 4 in Maces & Flails
  3040 | D:4      | Reached XP level 6. HP: 26/39 MP: 6/6
  3608 | D:4      | Noticed Pikel
  3620 | D:4      | Killed Pikel
  3621 | D:4      | Reached skill level 5 in Fighting
  3621 | D:4      | Reached skill level 5 in Maces & Flails
  3621 | D:4      | Reached skill level 5 in Armour
  3621 | D:4      | Reached skill level 5 in Shields
  3621 | D:4      | Reached XP level 7. HP: 32/44 MP: 7/7
  3750 | D:5      | Entered Level 5 of the Dungeon
  3790 | D:5      | Reached XP level 8. HP: 43/50 MP: 8/8
  3808 | D:5      | Reached skill level 6 in Maces & Flails
  4572 | D:5      | Noticed Grinder
  4584 | D:5      | Killed Grinder
  5056 | D:6      | Reached skill level 7 in Maces & Flails
  5101 | D:6      | Found a glowing silver altar of Zin.
  5254 | D:6      | Found a bloodstained altar of Trog.
  5257 | D:6      | Found a shadowy altar of Dithmenos.
  5282 | D:6      | Reached XP level 9. HP: 56/56 MP: 9/9
  6132 | D:6      | Reached skill level 8 in Maces & Flails
  7106 | D:7      | Found a staircase to the Ecumenical Temple.
  7163 | Temple   | Entered the Ecumenical Temple
  7221 | Temple   | Became a worshipper of Gozag Ym Sagoz the Greedy
  7538 | D:7      | Reached skill level 9 in Maces & Flails
  7538 | D:7      | Reached XP level 10. HP: 54/63 MP: 10/10
  7617 | D:7      | Noticed a kobold demonologist
  7621 | D:7      | Noticed a smoke demon
  7629 | D:7      | Killed a kobold demonologist
  7894 | D:8      | Found a shimmering blue altar of Sif Muna.
  7898 | D:8      | Found a white marble altar of Elyvilon.
  7902 | D:8      | Found a snail-covered altar of Cheibriados.
  7979 | D:8      | Noticed Psyche
  7996 | Abyss:1  | Cast into level 1 of the Abyss (Psyche)
  8170 | Abyss:1  | Noticed a worldbinder
  8171 | Abyss:1  | Noticed a bog body
  8173 | Abyss:1  | Noticed a bog body
  8173 | Abyss:1  | Noticed a bog body
  8194 | Abyss:1  | Noticed a green death
  8294 | Abyss:1  | Noticed a smoke demon
  8357 | Abyss:1  | Noticed a wretched star
  8457 | Abyss:2  | Found a corrupted altar of Lugonu.
  8470 | Abyss:3  | Noticed a yellow draconian
  8494 | Abyss:3  | Slain by a yellow draconian

Illustrated notes

Levels and vault maps discovered:
D:1:      erik_arrival_orb_chamber, layout_basic, hex_intersection, fountainhead
D:2:      layout_basic
D:3:      layout_basic, serial_shops, shop, st_stairs_14, hex_large,
          minmay_statues_item, grunt_ministairs_13, nicolae_hexahallways,
          nicolae_kite_square_tiling_tiny
D:4:      layout_rooms, nrook_mini_vaults, minmay_unequal, uniq_pikel
D:5:      layout_loops_ring, uniq_grinder
D:6:      layout_basic, minmay_overflow_temple_star_quad, grunt_decor_arrowhead,
          kennysheep_decorative_pillar, kennysheep_generic_room_12
D:7:      layout_cave_pods, minmay_temple_entry_enclosed_plants
D:8:      layout_basic, nicolae_overflow_hidden_temple, elyvilon_altar_1,
          dpeg_lair_monsters, uniq_psyche
Temple:   minmay_freezing_vapour_temple
Abyss:3:  base: D:4, minivault_22

Skill      XL: |  1  2  3  4  5  6  7  8  9 |
---------------+----------------------------+-----
Maces & Flails | 3 4 5 7 9 |  9.3
Fighting       | 4 5 6 7 |  7.8
Armour         | 4 5 6 7 |  7.8
Shields        | 4 5 6 7 |  7.8

Action                     |  1- 3 |  4- 6 |  7- 9 | 10-12 || total
---------------------------+-------+-------+-------+-------++-------
  Melee: Flail             |   159 |   151 |   382 |    73 ||   765
  Evoke: Wand              |       |       |     1 |     5 ||     6
    Use: Scroll            |       |     4 |     2 |     3 ||     9
         Potion            |       |     1 |     5 |     8 ||    14
 Armour: Scale mail        |   123 |   147 |   174 |       ||   444
         Chain mail        |       |       |   102 |   109 ||   211
         Skin              |       |       |       |     2 ||     2
  Dodge: Dodged            |    94 |   103 |   195 |    41 ||   433
  Block: Buckler           |    39 |    53 |   110 |    36 ||   238

Table legend: (Time is in decaauts)
 A = Elapsed time spent in this place.
 B = Non-inter-level travel time spent in this place.
 C = Inter-level travel time spent in this place.
 D = Time resting spent in this place.
 E = Time spent auto-exploring this place.
 F = Levels seen in this place.
 G = Mean time per level.
                   A        B        C        D        E       F      G
               +--------+--------+--------+--------+--------+-----+--------+
         Total |   8598 |   8313 |    285 |   1795 |   4790 |  12 |  716.5 |
       Dungeon |   8038 |   7757 |    281 |   1710 |   4557 |   8 | 1004.8 |
        Temple |     63 |     59 |      4 |      0 |     48 |   1 |   63.0 |
         Abyss |    495 |    495 |      0 |     85 |    185 |   3 |  165.0 |
               +--------+--------+--------+--------+--------+-----+--------+

Top non-repeatable levels by time:
     D:6: 1547 daAuts
     D:7: 1283 daAuts
     D:5: 1257 daAuts
     D:2: 1158 daAuts
     D:3: 1003 daAuts
     D:1: 905 daAuts
     D:4: 769 daAuts
 Abyss:1: 460 daAuts
     D:8: 115 daAuts
  Temple: 63 daAuts
 Abyss:3: 22 daAuts
 Abyss:2: 12 daAuts
